Map: Eastwatch LE

Players

Plasmid

  • Race: Zerg Zerg
  • League: Diamond
  • Spawn Location: 1:00

KappaRoss - Winner!

  • Race: Terran Terran
  • League: Diamond
  • Spawn Location: 7:00

VOD

Have the link to the VOD?

Description

Poor engagement into bio tank

Time

  • Played on: April 4, 2018, 8:19 p.m.
  • Length: 13:47
Show
View Real Time Build Order
Export as new Build Order

Plasmid Zerg 

Build Orders: Hatch First 

Get SALT Encoding   

  12  0:01  Drone  
  13  0:12  Overlord  
  13  0:18  Drone  
  14  0:31  Drone x2  
  14  0:35  Drone  
  17  0:45  Drone  
  18  0:56  Hatchery  
  17  1:00  Extractor  
  17  1:01  Drone  
  17  1:10  Drone  
  18  1:18  Spawning Pool  
  17  1:25  Drone  
  18  1:32  Drone  
  19  1:39  Overlord  
  19  1:52  Drone  
  20  2:06  Zergling x2, Metabolic Boost  
  20  2:07  Queen  
  23  2:08  Queen  
  23  2:11  Zergling x2  
  23  2:15  Drone  
  27  2:21  Drone  
  27  2:40  Drone  
  27  2:41  Drone, Hatchery  
  28  2:47  Drone  
  28  2:48  Overlord  
  28  2:50  Drone  
  30  2:57  Queen  
  32  3:04  Queen  
  34  3:09  Drone  
  35  3:20  Drone x5  
  35  3:21  Drone  
  35  3:24  Overlord  
  41  3:31  Drone x2  
  43  3:42  Queen  
  45  3:50  Drone x3  
  45  3:51  Drone x2  
  50  4:06  Drone x2, Queen  
  50  4:08  Drone x3  
  57  4:10  Overlord x3  
  57  4:11  Overlord  
  57  4:30  Zergling x2  
  57  4:31  Zergling x12  
  64  4:38  Queen x2  
  64  4:39  Zergling x2  
  64  4:44  Queen  
  71  4:49  Zergling x2  
  71  4:50  Zergling x14, Baneling Nest  
  71  4:51  Zergling x2  
  79  4:59  Zergling x2  
  80  5:02  Zergling x4  
  82  5:07  Extractor  
  81  5:25  Zergling x2  
  81  5:26  Zergling x4  
  81  5:27  Zergling x10  
  89  5:28  Overlord  
  89  5:29  Overlord x2  
  89  5:37  Baneling x5  
  89  5:38  Baneling  
  89  5:49  Hatchery  
  88  5:56  Drone x5  
  88  5:57  Drone x7  
  90  6:02  Evolution Chamber  
  94  6:05  Evolution Chamber  
  94  6:08  Drone x5  
  98  6:12  Extractor  
  98  6:14  Extractor  
  98  6:15  Lair  
  96  6:19  Extractor  
  96  6:20  Extractor  
  90  6:38  Zerg Melee Weapons Level 1  
  90  6:45  Drone x4  
  90  6:46  Drone x2  
  96  6:56  Queen  
  98  7:03  Zerg Ground Armor Level 1  
  98  7:04  Zergling x2  
  98  7:05  Zergling x16  
  98  7:06  Zergling x8  
  111  7:10  Drone  
  111  7:11  Drone x3  
  115  7:23  Hydralisk Den  
  114  7:31  Overlord x5  
  114  7:32  Overlord x3  
  114  7:37  Overseer  
  114  8:02  Hydralisk x3  
  114  8:03  Hydralisk x12  
  114  8:04  Hydralisk x3  
  149  8:23  Muscular Augments  
  149  8:24  Hydralisk x2  
  149  8:25  Zergling x4  
  149  8:26  Zergling x4  
  157  8:32  Overseer  
  157  8:39  Queen  
  159  8:43  Spore Crawler  
  159  8:44  Spore Crawler, Spine Crawler  
  156  8:49  Zerg Melee Weapons Level 2  
  156  9:00  Centrifical Hooks  
  156  9:01  Infestation Pit  
  155  9:04  Zerg Ground Armor Level 2  
  155  9:06  Drone x2  
  155  9:07  Drone x7  
  155  9:08  Drone x3  
  167  9:28  Hatchery  
  166  9:35  Grooved Spines  
  166  9:38  Baneling  
  166  9:39  Baneling x3  
  166  9:41  Baneling x7  
  166  9:42  Baneling x7  
  166  9:43  Zergling x2  
  166  9:44  Zergling x14  
  174  9:45  Overlord  
  174  9:46  Overlord x3  
  174  9:52  Hive  
  174  9:56  Spore Crawler  
  174  9:59  Spore Crawler  
  172  10:00  Spore Crawler  
  172  10:05  Overseer x2  
  171  10:07  Pneumatized Carapace  
  171  10:13  Overlord x3  
  125  11:10  Zergling x2  
  125  11:11  Zergling x4  
  109  11:13  Zergling x2  
  109  11:14  Zergling x16  
  109  11:15  Zergling x22  
  109  11:16  Zergling x16  
  138  11:25  Ultralisk Cavern  
  138  11:26  Zergling x2  
  138  11:27  Zergling x4  
  127  11:48  Adrenal Glands  
  101  11:55  Zergling x4, Hydralisk x5  
  101  11:56  Zergling x12, Hydralisk x2  
  101  11:57  Zergling x2  
  123  12:09  Zergling x10  
  123  12:10  Zergling x4  
  131  12:18  Zergling x6  
  114  12:39  Zergling x14  
  114  12:43  Baneling x2  
  114  12:44  Baneling x9  
  107  12:57  Ultralisk x3  
  107  12:58  Ultralisk x3  
  134  13:11  Zergling x2  
  134  13:12  Zergling x12  
  127  13:22  Zergling x8  
Show
View Real Time Build Order
Export as new Build Order

KappaRoss Terran - Winner!

Build Orders: Reaper Expand, Bio Tank 

Get SALT Encoding   

  12  0:00  SCV  
  13  0:13  SCV  
  14  0:18  Supply Depot  
  14  0:25  SCV  
  15  0:39  SCV  
  15  0:40  Barracks  
  16  0:44  Refinery  
  16  0:51  SCV  
  17  1:03  SCV  
  18  1:15  SCV  
  19  1:26  Reaper  
  19  1:28  Orbital Command  
  20  1:44  Command Center  
  20  1:53  SCV  
  21  1:59  Barracks  
  21  2:03  Barracks Reactor  
  21  2:10  SCV  
  21  2:14  Refinery  
  22  2:18  Supply Depot  
  22  2:22  SCV  
  23  2:30  Factory  
  23  2:40  SCV  
  24  2:47  Marine x2  
  24  2:48  Barracks Tech Lab  
  26  2:52  SCV  
  26  2:56  Orbital Command  
  27  3:05  Marine x2  
  28  3:10  SCV  
  28  3:11  Marine  
  31  3:17  Factory Reactor  
  31  3:23  Marine x2, Stimpack  
  33  3:30  Starport  
  33  3:32  SCV  
  33  3:34  SCV  
  35  3:39  Marine  
  35  3:41  Marine x2  
  37  3:44  SCV  
  37  3:46  SCV  
  39  3:56  SCV  
  39  3:57  Marine  
  39  3:58  Marine  
  39  3:59  Marine, SCV  
  44  4:05  Supply Depot  
  44  4:15  Marine  
  44  4:16  Medivac x2, Marine  
  50  4:17  Marine, Factory Tech Lab  
  50  4:20  SCV x2  
  53  4:28  Supply Depot  
  53  4:32  SCV  
  53  4:33  Marine  
  53  4:34  Marine  
  53  4:35  Marine  
  53  4:36  Siege Tank  
  53  4:37  SCV  
  61  4:44  SCV  
  62  4:50  SCV  
  63  4:55  Marine x3  
  63  4:56  SCV  
  63  4:58  Supply Depot  
  67  5:02  SCV  
  68  5:08  SCV, Refinery  
  68  5:14  Supply Depot  
  69  5:18  Marine, Command Center  
  69  5:19  Marine  
  71  5:21  Supply Depot  
  71  5:26  SCV x2  
  71  5:27  Marine  
  74  5:29  Siege Tank  
  74  5:33  Combat Shields  
  77  5:38  Supply Depot  
  77  5:45  Marine x2  
  77  5:46  SCV x2  
  78  6:00  SCV x2, Marine  
  78  6:03  Marine  
  82  6:05  Engineering Bay  
  82  6:13  SCV x2, Barracks  
  82  6:14  Marine  
  82  6:15  Engineering Bay, Barracks  
  82  6:17  Factory  
  85  6:25  SCV  
  86  6:29  Marine  
  86  6:30  Siege Tank  
  91  6:32  SCV  
  91  6:33  Orbital Command  
  91  6:34  Terran Infantry Weapons Level 1  
  91  6:42  Terran Infantry Armor Level 1  
  91  6:44  Marine x2, Supply Depot  
  91  6:46  SCV  
  94  6:48  SCV  
  94  6:53  Liberator  
  95  6:59  Supply Depot  
  95  7:08  Barracks Reactor x2  
  95  7:09  Factory Tech Lab  
  95  7:10  Siege Tank  
  101  7:18  Refinery, Supply Depot  
  101  7:27  Orbital Command  
  101  7:32  SCV  
  101  7:33  SCV  
  103  7:39  Armory, Barracks  
  103  7:41  Marine x2, Siege Tank  
  108  7:45  Supply Depot  
  110  7:51  SCV x2, Marine  
  110  7:52  Marine x3  
  101  8:08  Marine  
  101  8:09  Marine x4  
  101  8:10  Marine x2, Siege Tank, Medivac  
  113  8:16  SCV x2  
  113  8:17  SCV  
  116  8:21  Siege Tank  
  116  8:26  Marine x3  
  122  8:27  Marine x2  
  122  8:28  Marine  
  122  8:29  Barracks Reactor  
  122  8:30  Terran Vehicle Weapons Level 1  
  122  8:33  Supply Depot  
  125  8:35  Barracks  
  125  8:44  SCV  
  125  8:45  SCV  
  125  8:48  Marine x5  
  129  8:49  Marine  
  129  8:50  Medivac, Siege Tank  
  129  8:54  SCV  
  139  8:56  SCV  
  139  8:59  SCV  
  139  9:02  Command Center  
  141  9:03  Refinery  
  141  9:04  Refinery  
  141  9:05  Terran Infantry Weapons Level 2, Supply Depot  
  141  9:06  SCV, Marine  
  141  9:07  Marine x5  
  141  9:09  Marine  
  149  9:14  Marine x2  
  151  9:24  Marine x2  
  151  9:25  Marine x4  
  151  9:27  Marine  
  151  9:29  Barracks Reactor, Supply Depot  
  158  9:32  Marine x2  
  160  9:42  Marine x3  
  160  9:43  Marine x2  
  165  9:50  Marine  
  166  9:55  SCV, Marine  
  166  9:56  SCV, Marine x2, Supply Depot  
  166  9:57  Supply Depot  
  171  10:00  Marine x2  
  173  10:13  Marine x5  
  173  10:14  Marine  
  179  10:31  Marine x2  
  179  10:32  Marine x4, Siege Tank x2  
  191  10:46  Marine x5  
  191  10:49  Marine x6  
  186  11:04  Marine x5  
  158  11:07  Marine x5  
  158  11:08  Marine  
  158  11:09  Siege Tank x2  
  154  11:19  Medivac  
  154  11:20  Medivac  
  154  11:21  Marine  
  154  11:22  Marine x4  
  154  11:24  Marine  
  154  11:25  Marine x5  
  169  11:39  Marine, Command Center  
  159  11:40  Marine x4  
  159  11:41  Siege Tank  
  159  11:42  Marine  
  159  11:43  Marine x5, Siege Tank  
  152  11:57  Marine  
  152  11:58  Marine x4  
  152  12:00  Marine x2  
  152  12:01  Marine x4  
  162  12:05  SCV x3  
  166  12:13  Siege Tank  
  166  12:14  Barracks  
  166  12:15  Marine x4, Barracks  
  169  12:19  Starport  
  169  12:20  Marine x7  
  179  12:25  Starport  
  172  12:33  Marine x4  
  169  12:38  Marine  
  170  12:45  Marine  
  170  12:46  Marine x5  
  170  12:50  Marine  
  169  12:51  Marine x3  
  169  12:55  Marine  
  169  12:58  Siege Tank x2  
  179  13:02  Marine  
  179  13:04  Marine x4  
  175  13:09  Marine x5  
  170  13:13  Marine  
  171  13:20  Marine  
  171  13:22  Marine x4  
  171  13:27  Marine x5  
Tags
 
Add a new tag
Caveats
  • Supply blocks, unpowered buildings, or Contaminate may cause inaccurate times.
  • Supply counts are checked every 10 seconds.